 Dungeon Crawl Stone Soup version 0.20-a0-454-g2b43fbb (webtiles) character file.

345 HarleyQuinn the Ruffian (level 6, -7/44 HPs)
             Began as a Demonspawn Gladiator on Jan 8, 2017.
             Mangled by knot's ghost (12 damage)
             ... on level 4 of the Dungeon.
             The game lasted 00:07:18 (4555 turns).

HarleyQuinn the Ruffian (Demonspawn Gladiator)      Turns: 4555, Time: 00:07:18

Health: -7/44      AC:  7    Str: 15    XL:     6   Next: 32%
Magic:  6/6        EV: 13    Int: 11    God:
Gold:   183        SH:  0    Dex: 19    Spells: 5/5 levels left

rFire  . . .     SeeInvis .       - Unarmed
rCold  + . .     Gourm    .     A - +1 leather armour {rC+}
rNeg   . . .     Faith    .     (no shield)
rPois  .         Spirit   .     (helmet restricted)
rElec  .         Reflect  .     (no cloak)
rCorr  .         Harm     .     (no gloves)
MR     .....                    s - +0 pair of boots (curse)
Stlth  +.........               (no amulet)
                                p - ring of wizardry
                                j - +5 ring of dexterity

@: no status effects
A: antennae 1, thin metallic scales 1, demonic guardian 1
a: no special abilities


You were on level 4 of the Dungeon.
You were very hungry.

You visited 1 branch of the dungeon, and saw 4 of its levels.

You collected 183 gold pieces.

Inventory:

Missiles
 c - 3 throwing nets (quivered)
Armour
 a - a +0 leather armour
 k - a +0 pair of gloves of dexterity
 l - a +2 helmet
 s - a cursed +0 pair of boots (worn)
 A - a +1 leather armour of cold resistance (worn)
Jewellery
 j - a +5 ring of dexterity (left hand)
 p - a ring of wizardry (right hand)
 t - an uncursed ring of wizardry
Scrolls
 b - a scroll of remove curse {unknown}
 e - 2 scrolls of identify {unknown}
 f - 2 scrolls of enchant weapon {unknown}
 g - 2 scrolls of amnesia {unknown}
 i - 2 scrolls of blinking {unknown}
 m - a scroll of immolation {unknown}
 n - 5 scrolls of teleportation {unknown}
 x - a scroll of enchant armour {unknown}
 y - a scroll of recharging {unknown}
Potions
 h - a potion of flight
 o - 2 potions of curing
 u - a potion of brilliance
Comestibles
 d - 3 bread rations
 v - a royal jelly
 w - 3 fruits
 z - a meat ration


   Skills:
 - Level 2.0 Fighting
 - Level 1.7 Throwing
 - Level 2.6 Dodging
 + Level 6.5 Unarmed Combat


You had 5 spell levels left.
You didn't know any spells.

Dungeon Overview and Level Annotations

Branches:
Dungeon (4/15)
 Temple: D:4-7

Altars:
Gozag
Sif Muna
Xom

Annotations:
D:4 knot's ghost, novice DsAs


Innate Abilities, Weirdness & Mutations

You have a pair of small antennae on your head.
You are partially covered in thin metallic scales. (AC +2)
A weak demonic guardian rushes to your aid.


Message History

Your quasit completely misses knot's ghost.
Your quasit closely misses knot's ghost.
Your shadow imp closely misses knot's ghost.
You miss knot's ghost.
Knot's ghost is severely damaged.
Your quasit bites knot's ghost but does no damage.
Your quasit closely misses knot's ghost.
Your quasit claws knot's ghost.
Knot's ghost completely misses you.
You closely miss knot's ghost.
Knot's ghost is severely damaged.
Your shadow imp barely misses knot's ghost.
Knot's ghost hits you!
* * * LOW HITPOINT WARNING * * *
Your quasit completely misses knot's ghost. x2
Your quasit claws knot's ghost but does no damage.
You hit knot's ghost but do no damage.
Knot's ghost is severely damaged.
Your white imp barely misses knot's ghost.
Your shadow imp misses knot's ghost.
Knot's ghost hits you!
You die...

##..# #...# #...###..
#........ ##...$.... #..#
#..# ######..##
####..@W..#.#
##.....555.<)##
#...........).## ##
####..............#####.###
..........................##
...........................#
###........................#
#.......................#
##.......[.............###


You could see knot's ghost, a friendly quasit, a friendly white imp and a
friendly shadow imp.

Vanquished Creatures
  Purgy (D:3)
  A centaur skeleton (D:4)
  2 orc wizards (D:3)
  A gnoll (D:1)
  4 adders
  2 oozes (D:1)
  3 worms
  2 dart slugs
  2 leopard geckos
  12 orcs
  A ball python (D:3)
  2 bats (D:2)
  4 giant cockroaches
  8 goblins
  7 hobgoblins
  2 jackals (D:3)
  7 kobolds
  2 quokkas
  3 frilled lizards
  6 rats
72 creatures vanquished.

Vanquished Creatures (collateral kills)
  Terence (D:3)
1 creature vanquished.

Vanquished Creatures (others)
  An orc (D:3)
1 creature vanquished.

Grand Total: 74 creatures vanquished

Notes
Turn   | Place    | Note
-------+----------+-------------------------------------------
     0 | D:1      | HarleyQuinn the Demonspawn Gladiator began the quest for the Orb.
     0 | D:1      | Reached XP level 1. HP: 16/16 MP: 1/1
    18 | D:1      | Reached skill level 3 in Unarmed Combat
   398 | D:1      | Gained mutation: You are partially covered in thin metallic scales. (AC +2) [demonic ancestry]
   398 | D:1      | Reached XP level 2. HP: 20/22 MP: 2/2
   857 | D:1      | Reached XP level 3. HP: 11/27 MP: 3/3
   860 | D:1      | Reached skill level 4 in Unarmed Combat
  1875 | D:2      | Gained mutation: You have a pair of small antennae on your head. [demonic ancestry]
  1875 | D:2      | Reached XP level 4. HP: 32/33 MP: 4/4
  2093 | D:2      | Found a deep blue altar of Sif Muna.
  2494 | D:3      | Noticed Purgy
  2515 | D:3      | HP: 1/33 [Purgy (2)]
  2522 | D:3      | Killed Purgy
  2522 | D:3      | Reached skill level 5 in Unarmed Combat
  2522 | D:3      | Reached XP level 5. HP: 6/38 MP: 5/5
  2958 | D:3      | Found an opulent altar of Gozag.
  3030 | D:3      | Reached skill level 6 in Unarmed Combat
  3526 | D:3      | Gained mutation: A weak demonic guardian rushes to your aid. [demonic ancestry]
  3526 | D:3      | Reached XP level 6. HP: 42/44 MP: 6/6
  3549 | D:3      | Noticed Terence
  3577 | D:3      | Killed Terence
  3790 | D:3      | You fall through a shaft!
  3944 | D:4      | Found a shimmering altar of Xom.
  4514 | D:4      | Noticed knot's ghost (novice DsAs)
  4555 | D:4      | Mangled by knot's ghost

Vault maps used:
D:1:      arrival_zaba_pyramid, nrook_mini_vaults
D:2:      lemuel_round_altar, kennysheep_generic_room_7
D:3:      nicolae_gozag_cash_rules_everything_around_me, first_bread,
          uniq_purgy, uniq_terence
D:4:      lemuel_round_altar, nicolae_dithmenos_through_a_glass_darkly,
          fedhas_altar_fruit_tree

Skill      XL: |  1  2  3  4  5 |
---------------+----------------+-----
Unarmed Combat | 3 4 5 6 |  6.5
Fighting       | |  2.0
Throwing       | |  1.7
Dodging        | |  2.6

Action                   |  1- 3 |  4- 6 || total
-------------------------+-------+-------++-------
Melee: Unarmed           |   114 |   232 ||   346
       Punch             |     4 |     8 ||    12
  Use: Potion            |       |     7 ||     7
 Stab: Sleeping          |     4 |     1 ||     5
       Invisible         |       |     4 ||     4
       Distracted        |       |     1 ||     1
  Eat: Chunk             |     3 |     6 ||     9
       Beef jerky        |       |     1 ||     1
Armor: Leather armour    |    24 |    85 ||   109
Dodge: Dodged            |    61 |   190 ||   251
